PAAA
MILTON DOGFISH HEAD @ PAWNEE PARKSNREC
07/11/2026
 
TOP OF THE 1ST
Milton Dogfish Head batting - Pitching for Pawnee ParksNRec : RHP Ji Jing
Pitching: RHP Ji Jing
Batting: RHB David Sánchez 0-0: Swinging Strike
0-1: Ball
1-1: Ball
2-1: Foul Ball, location: 2F
2-2: Foul Ball, location: 2F
2-2: Fly out, F7 (Flyball, 7S)
Batting: LHB Jack Sutherland 0-0: Ball
1-0: SINGLE (Line Drive, 78M)
Batting: LHB Víctor Robledo 0-0: Ball
Jack Sutherland steals 2nd base
1-0: Ball
2-0: 2-RUN HOME RUN (Flyball, 89XD), Distance : 438 ft
Batting: LHB António Ramos 0-0: SINGLE (Groundball, 34D)
Batting: RHB Moisés Quintana 0-0: Called Strike
0-1: Ball
1-1: Ground out 5-3 (Groundball, 56S)
António Ramos to second
Batting: RHB Brad Perry 0-0: Ball
1-0: Swinging Strike
1-1: Ball
2-1: Foul Ball, location: 2F
2-2: Ball
3-2: Base on Balls
Batting: LHB Luis Vicenteno 0-0: Ball
1-0: Ball
2-0: Called Strike
2-1: Fly out, F8 (Flyball, 89M)
Top of the 1st over - 2 run(s), 3 hit(s), 0 error(s), 2 left on base; Milton 2 - Pawnee 0
BOTTOM OF THE 1ST
Pawnee ParksNRec batting - Pitching for Milton Dogfish Head : RHP Juan Lara
Pitching: RHP Juan Lara
Batting: SHB Júlio Camacho 0-0: Fly out, F4 (Popup, 4MD)
Batting: RHB Wilbur Davis 0-0: Ball
1-0: SINGLE (Line Drive, 7LS)
Batting: SHB José Carlos Nieves 0-0: SINGLE (Groundball, 6D)
Wilbur Davis to second
Batting: RHB Miguel Silva 0-0: Ball
1-0: Fly out, F5 (Line Drive, 5S)
Batting: LHB Ernesto Sánchez 0-0: Ball
1-0: Ball
2-0: Ball
3-0: Called Strike
3-1: Base on Balls
Wilbur Davis to third
José Carlos Nieves to second
Batting: RHB Mike Daniels 0-0: Ground out 5-3 (Groundball, 5S)
Bottom of the 1st over - 0 run(s), 2 hit(s), 0 error(s), 3 left on base; Milton 2 - Pawnee 0
TOP OF THE 2ND
Milton Dogfish Head batting - Pitching for Pawnee ParksNRec : RHP Ji Jing
Batting: RHB Víctor López 0-0: Swinging Strike
0-1: Foul Ball, location: 2F
0-2: Ball
1-2: Ball
2-2: Strikes out looking
Batting: RHB Lorenzo Rosas 0-0: Ball
1-0: Called Strike
1-1: Ball
2-1: Swinging Strike
2-2: Ground out 6-3 (Groundball, 6S)
Batting: RHB David Sánchez 0-0: Ball
1-0: Ball
2-0: Ground out 6-3 (Groundball, 6)
Top of the 2nd over - 0 run(s), 0 hit(s), 0 error(s), 0 left on base; Milton 2 - Pawnee 0
BOTTOM OF THE 2ND
Pawnee ParksNRec batting - Pitching for Milton Dogfish Head : RHP Juan Lara
Batting: RHB Jim Unknown 0-0: Bunt missed!
0-1: Ball
1-1: Ball
2-1: Fly out, F9 (Flyball, 9D)
Batting: SHB Vicente Pueblo 0-0: Called Strike
0-1: Ball
1-1: Ball
2-1: Ball
3-1: Base on Balls
Batting: RHB Dale Blair 0-0: Called Strike
0-1: Ball
1-1: Foul Ball, location: 2F
1-2: Grounds into double play, 6-4-3 (Groundball, 6)
Bottom of the 2nd over - 0 run(s), 0 hit(s), 0 error(s), 0 left on base; Milton 2 - Pawnee 0
TOP OF THE 3RD
Milton Dogfish Head batting - Pitching for Pawnee ParksNRec : RHP Ji Jing
Batting: LHB Jack Sutherland 0-0: Ball
1-0: Ball
2-0: Called Strike
2-1: SINGLE (Line Drive, 34D)
Batting: LHB Víctor Robledo 0-0: Foul Ball, location: 2F
0-1: Ball
1-1: Ground out 5-3 (Groundball, 56S)
Jack Sutherland to second
Batting: LHB António Ramos 0-0: Ball
1-0: Swinging Strike
1-1: Called Strike
1-2: Ball
2-2: Strikes out swinging
Batting: RHB Moisés Quintana 0-0: Ball
1-0: Ball
2-0: Foul Ball, location: 2F
2-1: Ball
3-1: Called Strike
3-2: Ground out 6-3 (Groundball, 6S)
Top of the 3rd over - 0 run(s), 1 hit(s), 0 error(s), 1 left on base; Milton 2 - Pawnee 0
BOTTOM OF THE 3RD
Pawnee ParksNRec batting - Pitching for Milton Dogfish Head : RHP Juan Lara
Batting: SHB Júlio Camacho 0-0: Foul Ball, location: 2F
0-1: Ball
1-1: Ball
2-1: Fly out, F8 (Flyball, 8RM)
Batting: RHB Wilbur Davis 0-0: Ball
1-0: SINGLE (Flyball, 78S)
Batting: SHB José Carlos Nieves 0-0: Called Strike
0-1: Ball
1-1: Swinging Strike
1-2: Ball
2-2: Grounds into double play, 4-6-3 (Groundball, 4)
Bottom of the 3rd over - 0 run(s), 1 hit(s), 0 error(s), 0 left on base; Milton 2 - Pawnee 0
TOP OF THE 4TH
Milton Dogfish Head batting - Pitching for Pawnee ParksNRec : RHP Ji Jing
Batting: RHB Brad Perry 0-0: Ball
1-0: Ground out 4-3 (Groundball, 6)
Batting: LHB Luis Vicenteno 0-0: Called Strike
0-1: Ball
1-1: Foul Ball, location: 2F
1-2: Ball
2-2: Strikes out looking
Batting: RHB Víctor López 0-0: Ball
1-0: Ground out 5-3 (Groundball, 56S)
Top of the 4th over - 0 run(s), 0 hit(s), 0 error(s), 0 left on base; Milton 2 - Pawnee 0
BOTTOM OF THE 4TH
Pawnee ParksNRec batting - Pitching for Milton Dogfish Head : RHP Juan Lara
Batting: RHB Miguel Silva 0-0: Called Strike
0-1: Ball
1-1: Ball
2-1: Swinging Strike
2-2: Ball
3-2: Base on Balls
Batting: LHB Ernesto Sánchez 0-0: Ball
1-0: Called Strike
1-1: Foul Ball, location: 2F
1-2: Ball
2-2: Foul Ball, location: 2F
2-2: Ball
3-2: Ground out 4-3 (Groundball, 4S)
Miguel Silva to second
Batting: RHB Mike Daniels 0-0: Ground out 3-1 (Groundball, 34S)
Miguel Silva to third
Batting: RHB Jim Unknown 0-0: Ball
1-0: DOUBLE (Flyball, 89XD)
Miguel Silva scores
Batting: SHB Vicente Pueblo 0-0: Ball
1-0: Ball
2-0: Called Strike
2-1: Ball
Wild Pitch!
Jim Unknown to third
3-1: Base on Balls
Batting: RHB Dale Blair 0-0: Foul Ball, location: 2F
0-1: Swinging Strike
0-2: Ball
1-2: Strikes out swinging
Bottom of the 4th over - 1 run(s), 1 hit(s), 0 error(s), 2 left on base; Milton 2 - Pawnee 1
TOP OF THE 5TH
Milton Dogfish Head batting - Pitching for Pawnee ParksNRec : RHP Ji Jing
Batting: RHB Lorenzo Rosas 0-0: Ball
1-0: Fly out, F6 (Popup, 56D)
Batting: RHB David Sánchez 0-0: Called Strike
0-1: Ball
1-1: Ball
2-1: Swinging Strike
2-2: Foul Ball, location: 2F
2-2: Foul Ball, location: 2F
2-2: Ground out 6-3 (Groundball, 6)
Batting: LHB Jack Sutherland 0-0: Ball
1-0: Swinging Strike
1-1: Swinging Strike
1-2: Strikes out swinging
Top of the 5th over - 0 run(s), 0 hit(s), 0 error(s), 0 left on base; Milton 2 - Pawnee 1
BOTTOM OF THE 5TH
Pawnee ParksNRec batting - Pitching for Milton Dogfish Head : RHP Juan Lara
Batting: SHB Júlio Camacho 0-0: Ball
1-0: Ball
2-0: Foul Ball, location: 2F
2-1: Foul Ball, location: 2F
2-2: Ground out 4-3 (Groundball, 4)
Batting: RHB Wilbur Davis 0-0: Called Strike
0-1: SINGLE (Groundball, 56S) (infield hit)
Pinch Runner at 1st Ramón García:
Batting: SHB José Carlos Nieves 0-0: Called Strike
0-1: Foul Ball, location: 2F
0-2: Ball
1-2: Foul Ball, location: 2F
1-2: Foul Ball, location: 2F
1-2: Ball
2-2: DOUBLE (Groundball, 3L)
Ramón García to third
Batting: RHB Miguel Silva 0-0: Ball
1-0: Swinging Strike
1-1: Foul Ball, location: 2F
1-2: Foul Ball, location: 2F
1-2: Foul Ball, location: 2F
1-2: Strikes out swinging
Batting: LHB Ernesto Sánchez 0-0: Ball
1-0: Ground out 4-3 (Groundball, 4)
Bottom of the 5th over - 0 run(s), 2 hit(s), 0 error(s), 2 left on base; Milton 2 - Pawnee 1
TOP OF THE 6TH
Milton Dogfish Head batting - Pitching for Pawnee ParksNRec : RHP Ji Jing
Now in RF: Ramón García
Batting: LHB Víctor Robledo 0-0: SINGLE (Groundball, 34D)
Batting: LHB António Ramos 0-0: Ball
1-0: Ball
2-0: Ball
3-0: Base on Balls
Víctor Robledo to second
Batting: RHB Moisés Quintana 0-0: Ball
1-0: SINGLE (Groundball, 56D)
Víctor Robledo to third
António Ramos to second
Batting: RHB Brad Perry 0-0: Swinging Strike
0-1: SINGLE (Groundball, 56D)
Víctor Robledo scores
António Ramos to third
Moisés Quintana to second
Runner from 3rd tries for Home, SAFE, throw made home
Moisés Quintana to third
Brad Perry to second
Batting: LHB Luis Vicenteno 0-0: Called Strike
0-1: Ball
1-1: Foul Ball, location: 2F
1-2: Foul Ball, location: 2F
1-2: Foul Ball, location: 2F
1-2: Fly out, F9 (Flyball, 89M)
Runner from 3rd tags up, SCORES, throw made
Batting: RHB Víctor López 0-0: Foul Ball, location: 2F
0-1: Called Strike
0-2: Ball
1-2: Ball
2-2: SINGLE (Flyball, 78S)
Brad Perry to third
Runner from 3rd tries for Home, SAFE, throw made home
Víctor López to second
Pitching: LHP Luis Cuero
Batting: RHB Lorenzo Rosas 0-0: Ball
1-0: Fly out, F9 (Flyball, 9LS)
Batting: RHB David Sánchez 0-0: Called Strike
0-1: Ball
1-1: Fly out, F9 (Flyball, 9S)
Top of the 6th over - 4 run(s), 4 hit(s), 0 error(s), 1 left on base; Milton 6 - Pawnee 1
BOTTOM OF THE 6TH
Pawnee ParksNRec batting - Pitching for Milton Dogfish Head : RHP Juan Lara
Batting: RHB Mike Daniels 0-0: Called Strike
0-1: SINGLE (Line Drive, 7LS)
Batting: RHB Jim Unknown 0-0: Called Strike
0-1: Ball
1-1: Foul Ball, location: 2F
1-2: Grounds into double play, 5-4-3 (Groundball, 5L)
Batting: SHB Vicente Pueblo 0-0: Called Strike
0-1: DOUBLE (Line Drive, 8RXD)
Batting: RHB Dale Blair 0-0: Called Strike
0-1: Ground out 6-3 (Groundball, 6)
Bottom of the 6th over - 0 run(s), 2 hit(s), 0 error(s), 1 left on base; Milton 6 - Pawnee 1
TOP OF THE 7TH
Milton Dogfish Head batting - Pitching for Pawnee ParksNRec : LHP Luis Cuero
Batting: LHB Jack Sutherland 0-0: Foul Ball, location: 2F
0-1: Called Strike
0-2: Strikes out looking
Batting: LHB Víctor Robledo 0-0: Called Strike
0-1: Ball
1-1: Ball
2-1: SINGLE (Line Drive, 9S)
Batting: LHB António Ramos 0-0: Ball
1-0: Fly out, F4 (Popup, 4D)
Batting: RHB Moisés Quintana 0-0: Ball
1-0: Ball
2-0: Called Strike
2-1: Swinging Strike
2-2: Fly out, F9 (Flyball, 9LSF)
Top of the 7th over - 0 run(s), 1 hit(s), 0 error(s), 1 left on base; Milton 6 - Pawnee 1
BOTTOM OF THE 7TH
Pawnee ParksNRec batting - Pitching for Milton Dogfish Head : RHP Juan Lara
Batting: SHB Júlio Camacho 0-0: Ball
1-0: Called Strike
1-1: Called Strike
1-2: Ground out 6-3 (Groundball, 6)
Batting: LHB Ramón García 0-0: Swinging Strike
0-1: Ball
1-1: Foul Ball, location: 2F
1-2: Ball
2-2: Foul Ball, location: 2F
2-2: Strikes out swinging
Batting: SHB José Carlos Nieves 0-0: Foul Ball, location: 2F
0-1: Called Strike
0-2: Ball
1-2: Foul Ball, location: 2F
1-2: Ball
2-2: Foul Ball, location: 2F
2-2: Ball
3-2: Base on Balls
Pitching: RHP Manny Pérez
Batting: RHB Miguel Silva 0-0: Ball
1-0: Called Strike
1-1: Ball
2-1: Foul Ball, location: 2F
2-2: Fielders Choice at 2nd, 6-4 (Groundball, 6)
Bottom of the 7th over - 0 run(s), 0 hit(s), 0 error(s), 0 left on base; Milton 6 - Pawnee 1
TOP OF THE 8TH
Milton Dogfish Head batting - Pitching for Pawnee ParksNRec : LHP Luis Cuero
Batting: RHB Brad Perry 0-0: Fly out, F8 (Flyball, 8LD)
Batting: LHB Luis Vicenteno 0-0: Called Strike
0-1: Foul Ball, location: 2F
0-2: Ball
1-2: Fly out, F8 (Flyball, 8RD)
Batting: RHB Víctor López 0-0: Swinging Strike
0-1: Called Strike
0-2: SINGLE (Groundball, 6D)
Batting: RHB Lorenzo Rosas 0-0: Ball
1-0: Swinging Strike
1-1: Fly out, F7 (Line Drive, 7)
Top of the 8th over - 0 run(s), 1 hit(s), 0 error(s), 1 left on base; Milton 6 - Pawnee 1
BOTTOM OF THE 8TH
Pawnee ParksNRec batting - Pitching for Milton Dogfish Head : RHP Manny Pérez
Now in RF: Roy Childress
Batting: LHB Ernesto Sánchez 0-0: DOUBLE (Groundball, 5L)
Batting: RHB Mike Daniels 0-0: Called Strike
0-1: Foul Ball, location: 2F
0-2: Strikes out swinging
Batting: RHB Jim Unknown 0-0: Ball
1-0: Fly out, F9 (Flyball, 9S)
Batting: SHB Vicente Pueblo 0-0: Called Strike
0-1: Ball
1-1: Ball
2-1: Ground out 3-1 (Groundball, 34)
Bottom of the 8th over - 0 run(s), 1 hit(s), 0 error(s), 1 left on base; Milton 6 - Pawnee 1
TOP OF THE 9TH
Milton Dogfish Head batting - Pitching for Pawnee ParksNRec : LHP Luis Cuero
Batting: RHB David Sánchez 0-0: Called Strike
0-1: Ball
1-1: Called Strike
1-2: Ball
2-2: SINGLE (Groundball, 25) (infield hit)
Batting: LHB Jack Sutherland 0-0: Foul Ball, location: 2F
0-1: Ground out 6-3 (Groundball, 6S)
David Sánchez to second
Batting: LHB Víctor Robledo 0-0: Ground out 6-3 (Groundball, 6S)
David Sánchez to third
Batting: LHB António Ramos 0-0: Called Strike
0-1: Ground out U3 (Groundball, 3L)
Top of the 9th over - 0 run(s), 1 hit(s), 0 error(s), 1 left on base; Milton 6 - Pawnee 1
BOTTOM OF THE 9TH
Pawnee ParksNRec batting - Pitching for Milton Dogfish Head : RHP Manny Pérez
Pitching: RHP Jim Unknown
Now at C: Jorge González
Now at 2B: José Correa
Batting: RHB Dale Blair 0-0: Ground out 4-3 (Groundball, 4)
Batting: SHB Júlio Camacho 0-0: Ball
1-0: Ball
2-0: Swinging Strike
2-1: Called Strike
2-2: Ball
3-2: Strikes out looking
Batting: LHB Ramón García 0-0: Swinging Strike
0-1: Ball
1-1: Swinging Strike
1-2: Strikes out swinging
Bottom of the 9th over - 0 run(s), 0 hit(s), 0 error(s), 0 left on base; Milton 6 - Pawnee 1
Monday, March 20th, 2017 - OOTP Baseball 17.12 Build 75